 Dungeon Crawl Stone Soup version 0.32-a0-519-g08f29ac1c3 (webtiles) character file.

Game seed: 10405853840828340211

446 seren the Charlatan (level 7, -8/51 HPs)
             Began as a Coglin Artificer on Feb 27, 2024.
             Blown up by Ijyb (19 damage)
             ... with a mindburst bolt
             ... on level 4 of the Dungeon.
             The game lasted 00:09:14 (3709 turns).

seren the Charlatan (Coglin Artificer)              Turns: 3709, Time: 00:09:14

Health: -8/51      AC:  6    Str: 19    XL:     7   Next: 3%
Magic:  7/7        EV: 12    Int: 10    God:
Gold:   150        SH:  0    Dex: 15    Spells: 6/6 levels left

rFire   . . .        D - +0 dagger (drain) {Margit}
rCold   . . .        g - +1 short sword (vamp) {Jenes}
rNeg    . . .        b - +0 leather armour
rPois   .            x - +0 hat of Youthful Indiscretion {Str+5}
rElec   .            q - +2 cloak
rCorr   .            (no gloves)
SInv    .            (no boots)
Will    .....        (no amulet)
Stlth   +            (ring unavailable)
HPRegen 0.28/turn    (ring unavailable)
MPRegen 0.10/turn

%: no passive effects
@: no status effects
A: off-hand wielding, slow wielding, warmup strikes, no rings
a: no special abilities


You were on level 4 of the Dungeon.
You visited 1 branch of the dungeon, and saw 4 of its levels.

You collected 150 gold pieces.

Inventory:

Hand Weapons
 g - a +1 vampiric short sword (offhand) {Jenes}
 D - a +0 dagger of draining (weapon) {Margit}
Missiles
 n - 3 boomerangs
 p - 7 poisoned darts
Armour
 b - a +0 leather armour (worn)
 q - a +2 cloak (worn)
 x - the +0 hat of Youthful Indiscretion (worn) {Str+5}
   (You found it on level 3 of the Dungeon)

   Str+5:     It affects your strength (+5).
Wands
 c - a wand of flame (1) (quivered)
 d - a wand of charming (14)
 e - a wand of iceblast (5)
 u - a wand of roots (9)
Scrolls
 a - 6 scrolls of identify {unknown}
 f - a scroll of noise {unknown}
 h - a scroll of revelation {unknown}
 j - a scroll of acquirement {unknown}
 m - a scroll of immolation {unknown}
 r - a scroll of fear {unknown}
 s - a scroll of vulnerability {unknown}
 v - 2 scrolls of poison {unknown}
 y - a scroll of enchant weapon {unknown}
 z - a scroll of silence {unknown}
 C - a scroll of teleportation {unknown}
Potions
 i - a potion of cancellation
 t - 2 potions of curing {unknown}
 w - a potion of enlightenment {unknown}
 A - a potion of lignification {unknown}
 B - 2 potions of heal wounds {unknown}


   Skills:
 + Level 2.9 Fighting
 * Level 3.0 Short Blades
 - Level 0.6 Maces & Flails
 + Level 3.2 Armour
 + Level 2.6 Dodging
 - Level 1.0 Stealth
 + Level 5.4 Evocations


You had 6 spell levels left.
You didn't know any spells.
Your spell library contained the following spells:

 Spells                   Type           Power      Damage    Failure   Level
 Necrotise                Necr           0%         1d4       41%         1
 Blink                    Tloc           0%         N/A       56%         2
 Lesser Beckoning         Tloc           0%         N/A       56%         2
 Momentum Strike          Conj/Tloc      0%         3d8       56%         2
 Vampiric Draining        Necr           0%         2d6       80%         3
 Martyr's Knell           Necr/Summ      0%         N/A       99%         4
 Curse of Agony           Necr           0%         N/A       100%        5


Dungeon Overview and Level Annotations

Branches:
Dungeon (4/15)
 Temple: D:4-7

Altars:

Annotations:
D:4 Ijyb


Innate Abilities, Weirdness & Mutations

You can wield a second weapon in your off-hand.
It takes a long time for you to wield or remove held weapons.
Your first few attacks do less damage.
Your grasper-arms cannot wear rings.


Message History

Ijyb is moderately wounded.
Ijyb hits you but does no damage.
Aiming: Throw Flame
Press: ? - help, Shift-Dir - straight line, f/p - Ijyb
Aim: Ijyb, wielding a +0 club, wearing a +2 leather armour of fire resistance and carrying a wand of mindburst (moderately wounded, heavily drained, 67% to hit)
The puff of flame hits Ijyb but does no damage.
Ijyb is moderately wounded.
Ijyb barely misses you.
Aiming: Throw Flame
Press: ? - help, Shift-Dir - straight line, f/p - Ijyb
Aim: Ijyb, wielding a +0 club, wearing a +2 leather armour of fire resistance and carrying a wand of mindburst (moderately wounded, heavily drained, 67% to hit)
The puff of flame hits Ijyb.
Ijyb resists.
Ijyb is moderately wounded.
Ijyb zaps a wand.
You struggle to resist.
Aiming: Throw Flame
Press: ? - help, Shift-Dir - straight line, f/p - Ijyb
Aim: Ijyb, wielding a +0 club, wearing a +2 leather armour of fire resistance and carrying a wand of mindburst (moderately wounded, heavily drained, 67% to hit)
The puff of flame hits Ijyb.
Ijyb resists.
Ijyb is heavily wounded.
Ijyb hits you but does no damage.
Aiming: Throw Flame
Press: ? - help, Shift-Dir - straight line, f/p - Ijyb
Aim: Ijyb, wielding a +0 club, wearing a +2 leather armour of fire resistance and carrying a wand of mindburst (heavily wounded, heavily drained, 67% to hit)
The puff of flame hits Ijyb.
Ijyb resists.
Ijyb is heavily wounded.
Ijyb hits you with a +0 club.
* * * LOW HITPOINT WARNING * * *
Aiming: Throw Flame
Press: ? - help, Shift-Dir - straight line, f/p - Ijyb
Aim: Ijyb, wielding a +0 club, wearing a +2 leather armour of fire resistance and carrying a wand of mindburst (heavily wounded, heavily drained, 67% to hit)
The puff of flame misses Ijyb.
Ijyb hits you with a +0 club.
* * * LOW HITPOINT WARNING * * *
Aiming: Throw Flame
Press: ? - help, Shift-Dir - straight line, f/p - Ijyb
Aim: Ijyb, wielding a +0 club, wearing a +2 leather armour of fire resistance and carrying a wand of mindburst (heavily wounded, heavily drained, 67% to hit)
The puff of flame hits Ijyb.
Ijyb resists.
Ijyb is severely wounded.
Ijyb zaps a wand.
Your mind is blasted!
You die...
Ijyb moans, "Good help so hard to find!"

# #.# ######o#### #.# #.# #####.#
#.........# #.# #.# ...(..#
#.####.##.####.## #.# ####### #.#
#.##.......# #.#
#############.####g#######..###.#
........^.)....##.#.## #.[##..#
###########....#.###.#####..#.#.#
###########....g## ##>.).....###.
................@###.#####.##.#.#
##.......##..####<#......#.###.##
#.#####.##..# ##.#.....#.# #[#
##.# #.##..# ###)......# #.# ...#
#.##..# #.....### #.# ##.#
#.##.<# #.....# #.# #.#####.##..#
##..### #.#
#.....†.....########..# #.#
#.####.###..†.........#######.#


You could see Ijyb (very drained).

Vanquished Creatures
  A phantom (D:4)
  2 hounds (D:4)
  An orc priest (D:4)
  An iguana (D:4)
  An orc wizard (D:4)
  Natasha (thrice) (D:3)
  4 gnolls
  3 adders
  2 ribbon worms (D:2)
  3 dart slugs
  2 orcs (D:4)
  7 bats
  5 endoplasms
  2 giant cockroaches (D:1)
  9 goblins
  6 hobgoblins
  8 quokkas
  7 ball pythons
  5 frilled lizards (D:1)
  10 kobolds
  2 rats (D:1)
84 creatures vanquished.

Notes
Turn   | Place    | Note
-------+----------+-------------------------------------------
     0 | D:1      | seren the Coglin Artificer began the quest for the Orb.
     0 | D:1      | Reached XP level 1. HP: 15/15 MP: 1/1
    61 | D:1      | Reached skill level 1 in Dodging
    88 | D:1      | Reached skill level 1 in Stealth
    88 | D:1      | Reached XP level 2. HP: 8/21 MP: 2/2
   472 | D:1      | Reached XP level 3. HP: 26/26 MP: 3/3
  1534 | D:2      | Reached XP level 4. HP: 9/33 MP: 4/4
  2186 | D:3      | Reached skill level 1 in Short Blades
  2237 | D:3      | Identified the +0 hat of Youthful Indiscretion {Str+5}
  2355 | D:3      | Noticed Natasha
  2357 | D:3      | Found a faded altar of an unknown god.
  2360 | D:3      | Killed Natasha
  2404 | D:3      | Noticed Natasha
  2416 | D:3      | Killed Natasha
  2417 | D:3      | Reached XP level 5. HP: 31/38 MP: 5/5
  2493 | D:3      | Noticed Natasha
  2509 | D:3      | Killed Natasha
  3187 | D:4      | Reached skill level 5 in Evocations
  3194 | D:4      | Reached XP level 6. HP: 46/46 MP: 6/6
  3593 | D:4      | Noticed Ijyb
  3699 | D:4      | Reached XP level 7. HP: 51/51 MP: 7/7
  3709 | D:4      | Blown up by Ijyb

Illustrated notes

Levels and vault maps discovered:
D:1:      dpeg_arrival_shelter, layout_loops_corners, minmay_misc_feat_x,
          minmay_pentomino_q4
D:2:      layout_loops_ring, serial_rivers, chequers_serial_rivers_micro_a,
          chequers_serial_rivers_room_b, chequers_serial_rivers_micro_b,
          chequers_serial_rivers_micro_c
D:3:      layout_rooms, hellmonk_ecumenical_altar_zigzags, uniq_natasha
D:4:      layout_loops_ring, uniq_ijyb

Skill      XL: |  1  2  3  4  5  6 |
---------------+-------------------+-----
Dodging        | 1 2 |  2.6
Stealth        | 1 |  1.0
Armour         | 2 3 |  3.2
Short Blades   | 1 2 3 |  3.0
Fighting       | 2 |  2.9
Evocations     | 5 |  5.4
Maces & Flails | |  0.6

Action                     |  1- 3 |  4- 6 |  7- 9 || total
---------------------------+-------+-------+-------++-------
  Melee: Club              |   144 |       |       ||   144
         Dagger            |    69 |   164 |     2 ||   235
         Short sword       |    12 |   167 |     2 ||   181
  Evoke: Wand              |       |     7 |     8 ||    15
    Use: Potion            |       |     1 |       ||     1
   Stab: Sleeping          |     5 |     5 |       ||    10
 Armour: Leather armour    |    95 |   103 |     5 ||   203
  Dodge: Dodged            |    79 |    87 |     1 ||   167
         Repelled          |     2 |     2 |       ||     4

Table legend: (Time is in decaauts)
 A = Elapsed time spent in this place.
 B = Non-inter-level travel time spent in this place.
 C = Inter-level travel time spent in this place.
 D = Time resting spent in this place.
 E = Time spent auto-exploring this place.
 F = Levels seen in this place.
 G = Mean time per level.
                   A        B        C        D        E       F      G
               +--------+--------+--------+--------+--------+-----+--------+
         Total |   3731 |   3579 |    152 |    521 |   2018 |   4 |  932.8 |
       Dungeon |   3731 |   3579 |    152 |    521 |   2018 |   4 |  932.8 |
               +--------+--------+--------+--------+--------+-----+--------+

Top non-repeatable levels by time:
     D:1: 1259 daAuts
     D:2: 1134 daAuts
     D:3: 785 daAuts
     D:4: 551 daAuts
